 Dungeon Crawl Stone Soup version 0.32-a0-893-gf85d74f360 (webtiles) character file.

Game seed: 16513287048246141574

62 Autsider the Digger (level 4, -3/26 HPs)
             Began as a Gargoyle Earth Elementalist on Apr 3, 2024.
             Slain by Grinder (8 damage)
             ... on level 3 of the Dungeon.
             The game lasted 00:03:50 (1779 turns).

Autsider the Digger (Gargoyle Earth Elementalist)   Turns: 1779, Time: 00:03:50

Health: -3/26      AC:  6    Str: 12    XL:     4   Next: 8%
Magic:  2/7        EV:  1    Int: 17    God:
Gold:   106        SH:  0    Dex: 10    Spells: 4/8 levels left

rFire   . . .        f - +0 whip
rCold   . . .        (no shield)
rNeg    + + .        c - +0 robe {rN+}
rPois   ∞            (no helmet)
rElec   +            (no cloak)
rCorr   .            e - +0 pair of gloves
SInv    .            (no boots)
Will    .....        (no amulet)
Stlth   ++           (no ring)
HPRegen 0.24/turn    (no ring)
MPRegen 0.10/turn

%: no passive effects
@: constricted
A: sickness immunity, AC +3, negative energy resistance 1, electricity
resistance, torment resistance 1, petrification resistance
a: no special abilities


You were on level 3 of the Dungeon.
You visited 1 branch of the dungeon, and saw 3 of its levels.

You collected 106 gold pieces.

Inventory:

Hand Weapons
 f - a +0 whip (weapon)
Armour
 a - a +0 robe
 c - a +0 robe of positive energy (worn)
 e - a +0 pair of gloves (worn)
Scrolls
 d - a scroll of teleportation {unknown}
 g - a scroll of identify {unknown}
 i - a scroll of immolation {unknown}
Potions
 b - a potion of magic
 h - 2 potions of brilliance {unknown}


   Skills:
 + Level 1.7 Fighting
 - Level 1.5 Dodging
 - Level 2.1 Stealth
 + Level 2.5 Spellcasting
 - Level 1.1 Conjurations
 * Level 4.9 Earth Magic


You had 4 spell levels left.
You knew the following spells:

 Your Spells              Type           Power      Damage    Failure   Level
a - Sandblast             Erth           36%        2d10      2%          1
b - Stone Arrow           Conj/Erth      24%        3d8       16%         3

Your spell library contained the following spells:

 Spells                   Type           Power      Damage    Failure   Level
 Passwall                 Erth           18%        N/A       8%          3
 Brom's Barrelling Bould  Conj/Erth      12%        2d4       47%         4
 Animate Armour           Summ/Erth      20%        N/A       54%         4
 Petrify                  Alch/Erth      10%        N/A       54%         4
 Lehudib's Crystal Spear  Conj/Erth      6%         10d3      100%        8


Dungeon Overview and Level Annotations

Branches:
Dungeon (3/15)

Altars:

Annotations:
D:3 Grinder


Innate Abilities, Weirdness & Mutations

You are immune to sickness and miasma.
Your stone body is resilient. (AC +3)
You are immune to poison.
You resist negative energy. (rN+)
You are resistant to electric shocks. (rElec)
You are resistant to unholy torment.
You are immune to petrification.


Message History

The blast of sand hits the adder!
The adder is severely wounded.
The adder bites you but does no damage. Grinder hits you but does no damage.
Casting: Sandblast (safe; 2% risk of failure)
Confirm with . or Enter, or press ? or * to list all spells.
Aiming: Sandblast (safe; 2% risk of failure)
Press: ? - help, Shift-Dir - straight line, f/p - adder
Aim: an adder (severely wounded, 70% to hit)
The blast of sand misses the adder.
The adder bites you but does no damage. Grinder hits you!
* * * LOW HITPOINT WARNING * * *
The adder bites you.
* * * LOW HITPOINT WARNING * * *
Grinder misses you.
Casting: Sandblast (safe; 2% risk of failure)
Confirm with . or Enter, or press ? or * to list all spells.
Aiming: Sandblast (safe; 2% risk of failure)
Press: ? - help, Shift-Dir - straight line, f/p - adder
Aim: an adder (severely wounded, 70% to hit)
The blast of sand hits the adder.
The adder is almost dead.
The adder bites you.
* * * LOW HITPOINT WARNING * * *
The adder barely misses you.
Grinder says, "You look like you could use a good racking."
Grinder completely misses you.
The ball python bites you but does no damage.
Casting: Sandblast (safe; 2% risk of failure)
Confirm with . or Enter, or press ? or * to list all spells.
Aiming: Sandblast (safe; 2% risk of failure)
Press: ? - help, Shift-Dir - straight line, f/p - adder
Aim: an adder (almost dead, 70% to hit)
The blast of sand misses the adder.
The adder bites you but does no damage. The ball python bites you.
* * * LOW HITPOINT WARNING * * *
The ball python grabs you. The ball python constricts you.
* * * LOW HITPOINT WARNING * * *
Grinder hits you!
You die...
Grinder says, "Hey, I wasn't done torturing you yet!"

........
......
.....#
.....#
#....#
#.#.###...#
......SS..#
#@..#
#......5..#
#....###..#
#... ..#
... ..# ..
.## . .. ..


You could see Grinder, an adder and a ball python.

Vanquished Creatures
  An adder (D:2)
  A ribbon worm (D:2)
  A ball python (D:1)
  5 bats (D:1)
  6 endoplasms
  9 goblins
  3 hobgoblins (D:1)
  2 jackals (D:2)
  3 quokkas
  10 frilled lizards (D:1)
  6 kobolds
  3 rats
50 creatures vanquished.

Notes
Turn   | Place    | Note
-------+----------+-------------------------------------------
     0 | D:1      | Autsider the Gargoyle Earth Elementalist began the quest
                  | for the Orb.
     0 | D:1      | Reached XP level 1. HP: 10/10 MP: 3/3
    95 | D:1      | Reached XP level 2. HP: 16/16 MP: 0/5
   111 | D:1      | Reached skill level 4 in Earth Magic
   408 | D:1      | Reached skill level 1 in Fighting
   468 | D:1      | Reached XP level 3. HP: 20/20 MP: 1/6
  1253 | D:2      | Learned a level 3 spell: Stone Arrow
  1426 | D:2      | Reached XP level 4. HP: 26/26 MP: 3/7
  1775 | D:3      | Noticed Grinder
  1779 | D:3      | Slain by Grinder

Illustrated notes

Levels and vault maps discovered:
D:1:      roadster_arrival_rocket_small, layout_basic, st_stairs_3,
          chequers_serial_rivers_small_b, chequers_jeans, hex_tiny,
          kennysheep_decorative_pillar, minivault_14, minmay_lizard_king
D:2:      layout_loops_corners, chequers_garden
D:3:      layout_basic, kennysheep_vampire_church, amcnicky_altar_gilded,
          mainiacjoe_overflow_alcove_1, shapermc_ecumenical_altar_gd,
          uniq_grinder

Skill      XL: |  1  2 |
---------------+-------+-----
Earth Magic    | 4 |  4.9
Fighting       | 1 |  1.7
Dodging        | |  1.5
Stealth        | |  2.1
Spellcasting   | |  2.5
Conjurations   | |  1.1

Action                     |  1- 3 |  4- 6 || total
---------------------------+-------+-------++-------
  Melee: Club              |    15 |       ||    15
   Cast: Sandblast         |    55 |    14 ||    69
 Armour: Robe              |    22 |    17 ||    39
  Dodge: Dodged            |    17 |    16 ||    33

Table legend: (Time is in decaauts)
 A = Elapsed time spent in this place.
 B = Non-inter-level travel time spent in this place.
 C = Inter-level travel time spent in this place.
 D = Time resting spent in this place.
 E = Time spent auto-exploring this place.
 F = Levels seen in this place.
 G = Mean time per level.
                   A        B        C        D        E       F      G
               +--------+--------+--------+--------+--------+-----+--------+
         Total |   1816 |   1723 |     93 |      0 |   1390 |   3 |  605.3 |
       Dungeon |   1816 |   1723 |     93 |      0 |   1390 |   3 |  605.3 |
               +--------+--------+--------+--------+--------+-----+--------+

Top non-repeatable levels by time:
     D:1: 1223 daAuts
     D:2: 587 daAuts
     D:3: 5 daAuts
